 Dungeon Crawl Stone Soup version 0.31.0-4-g52a2dc7128 (webtiles) character file.

Game seed: 3532627519246417474

2690 zenocrate the Covert (level 9, -4/39 HPs)
             Began as a Vine Stalker Enchanter on Jan 23, 2024.
             Slain by a green ugly thing (8 damage)
             ... on level 7 of the Dungeon.
             The game lasted 00:09:33 (7108 turns).

zenocrate the Covert (Vine Stalker Enchanter)       Turns: 7108, Time: 00:09:33

Health: -4/39      AC: 12    Str: 10    XL:     9   Next: 64%
Magic:  0/16       EV: 13    Int: 15    God:
Gold:   252        SH:  0    Dex: 20    Spells: 3/16 levels left

rFire   . . .        b - +1 short sword (elec)
rCold   . . .        (no shield)
rNeg    . . .        M - +0 acid dragon scales
rPois   .            m - +0 helmet
rElec   .            (no cloak)
rCorr   +            (no gloves)
SInv    .            A - +0 pair of boots
Will    +....        (no amulet)
Stlth   ++++         J - +4 ring of protection
HPRegen 1.06/turn    (no ring)
MPRegen 0.15/turn

%: guardian spirit
@: confusing by touch
A: fangs 3, regeneration 1, magic shield, antimagic bite, no potion heal 2
a: no special abilities


You were on level 7 of the Dungeon.
You visited 1 branch of the dungeon, and saw 7 of its levels.

You collected 428 gold pieces.
You spent 176 gold pieces at shops.

Inventory:

Hand Weapons
 a - a +1 dagger of holy wrath
 b - a +1 short sword of electrocution (weapon)
 q - a +1 dagger
 x - a +0 dagger of speed
Missiles
 t - 12 poisoned darts (quivered)
 w - 4 curare-tipped darts
 y - 8 boomerangs
 C - 6 atropa-tipped darts
 N - 3 throwing nets
Armour
 l - a +0 robe
 m - a +0 helmet (worn)
 A - a +0 pair of boots (worn)
 B - a +0 hat
 F - the +1 robe "Guthra" {rC+ Will+ Int+5 Dex-4}
   (You bought it in a shop on level 5 of the Dungeon)

   Int+5:     It affects your intelligence (+5).
   Dex-4:     It affects your dexterity (-4).
   rC+:       It protects you from cold.
   Will+:     It increases your willpower.
 L - a +2 kite shield
 M - +0 acid dragon scales (worn)
Jewellery
 J - a +4 ring of protection (left hand)
Wands
 v - a wand of iceblast (14)
 H - a wand of flame (14)
Scrolls
 d - 2 scrolls of torment
 g - 2 scrolls of blinking {unknown}
 h - 2 scrolls of teleportation
 k - 2 scrolls of enchant weapon {unknown}
 n - 2 scrolls of summoning {unknown}
 o - 2 scrolls of enchant armour {unknown}
 p - a scroll of poison {unknown}
 s - 2 scrolls of fog {unknown}
 D - 2 scrolls of identify {unknown}
 E - 2 scrolls of noise {unknown}
 I - a scroll of fear {unknown}
 K - 3 scrolls of brand weapon
 O - a scroll of amnesia {unknown}
 P - a scroll of acquirement {unknown}
Potions
 c - 3 potions of invisibility
 e - a potion of mutation {unknown}
 f - 2 potions of curing
 i - 2 potions of haste {unknown}
 j - a potion of berserk rage {unknown}
 r - a potion of brilliance {unknown}
 u - 2 potions of degeneration {unknown}
 z - a potion of attraction {unknown}
 G - a potion of lignification {unknown}


   Skills:
 * Level 6.8 Short Blades
 + Level 4.7 Dodging
 + Level 8.0 Stealth
 + Level 4.2 Spellcasting
 + Level 5.9 Hexes
 - Level 3.0 Ice Magic


You had 3 spell levels left.
You knew the following spells:

 Your Spells              Type           Power      Damage    Failure   Level
a - Ensorcelled Hibernat  Hex/Ice        32%        N/A       7%          2
b - Confusing Touch       Hex            20%        N/A       8%          3
c - Tukima's Dance        Hex            20%        N/A       8%          3
d - Dazzling Flash        Conj/Hex       24%        N/A       26%         3
x - Blink                 Tloc           6%         N/A       41%         2

Your spell library contained the following spells:

 Spells                   Type           Power      Damage    Failure   Level
 Kiss of Death            Conj/Necr      12%        2d6       28%         1
 Magic Dart               Conj           12%        1d3       28%         1
 Call Imp                 Summ           6%         N/A       41%         2
 Passwall                 Erth           3%         N/A       65%         3
 Iskenderun's Mystic Bla  Conj/Tloc      3%         2d3       96%         4


Dungeon Overview and Level Annotations

Branches:
Dungeon (7/15)             Temple (0/1) D:5

Altars:
Elyvilon
Hepliaklqana
Makhleb
Qazlal
Sif Muna
Yredelemnul
The Shining One

Shops:
D:5 [


Innate Abilities, Weirdness & Mutations

You have razor-sharp teeth.
Your natural rate of healing is unusually fast.
When hurt, damage is shared between your health and your magic reserves.
Your bite disrupts and absorbs the magic of your enemies.
Potions cannot restore your health.


Message History

You drain its power.
You feel invigorated.
The green ugly thing is heavily wounded.
The green ugly thing tail-slaps you.
You catch the helpless green ugly thing completely off-guard!
You impale the green ugly thing!!
The green ugly thing is severely wounded.
The green ugly thing seems less confused.
You hit the green ugly thing but do no damage.
You bite the green ugly thing, but do no damage.
The green ugly thing is severely wounded.
The green ugly thing tail-slaps you!
You are lethally poisoned!
The green ugly thing poisons you!
Casting: Confusing Touch (dangerous; 8% risk of failure)
Confirm with . or Enter, or press ? or * to list all spells.
Your hands begin to glow red.
You feel extremely sick.
The green ugly thing tail-slaps you but does no damage.
You hit the green ugly thing but do no damage.
The green ugly thing is severely wounded.
* * * LOW HITPOINT WARNING * * *
You feel very sick. The green ugly thing tail-slaps you.
* * * LOW HITPOINT WARNING * * *
You are more poisoned.
The green ugly thing poisons you!
It was a potion of curing.
Your system rejects the healing.
You feel better.
The green ugly thing tail-slaps you but does no damage.
Unknown command.
You barely miss the green ugly thing. You bite the green ugly thing.
You drain its power.
You feel invigorated.
The green ugly thing is almost dead.
The green ugly thing tail-slaps you!
* * * LOW HITPOINT WARNING * * *
You are lethally poisoned!
The green ugly thing poisons you!
Unknown command.
Your system rejects the healing.
You feel better. The green ugly thing tail-slaps you!
You die...

######## #.## ##.#.##.#......
#......######.###.##.......#..#
###.####.........#....###.#.##..#
....# ########.....### #.......#
##### #####.#.....# ##...####
#####.........).# #...#
##...............# #...#
#...........u....# #...#
#...###'')###@.########...####
####...#......W#..##....^........
..##...#...o...#........<........
#.##...#.##.##.#...#.............
#.##...#.##.##.#.....#####...####
#.##...#.##.##.#...### #...#
#.###..#...$?..#..## #...# #.#
#..#.......#..### #...#
..###..#########....# #...# #


You could see a green ugly thing.

Vanquished Creatures
  The ghost of brilapsti the Summoner, a novice FeSu of Kikubaaqudgha (D:7)
  Sigmund (D:5)
  Menkaure (D:7)
  An acid dragon (D:6)
  A water moccasin (D:5)
  A sky beast (D:6)
  2 ogres
  A centaur (D:5)
  2 phantoms (D:5)
  3 kobold brigands
  3 scorpions
  A gnoll sergeant (D:7)
  A hound (D:5)
  3 orc priests
  A bombardier beetle (D:3)
  2 jellies
  A sleepcap (D:5)
  An iguana (D:3)
  Terence (D:2)
  A scorpion zombie (D:3)
  5 orc wizards
  Robin (D:2)
  7 adders
  21 gnolls
  A shadow imp (D:5)
  2 white imps
  2 adder zombies (D:3)
  5 ribbon worms
  4 dart slugs
  20 orcs
  4 bats
  7 endoplasms
  3 giant cockroaches
  8 goblins
  7 hobgoblins
  12 jackals
  40 kobolds
  A quokka (D:2)
  4 ball pythons
  2 frilled lizards
  3 rats
188 creatures vanquished.

Notes
Turn   | Place    | Note
-------+----------+-------------------------------------------
     0 | D:1      | zenocrate the Vine Stalker Enchanter began the quest for
                  | the Orb.
     0 | D:1      | Reached XP level 1. HP: 9/9 MP: 4/4
   366 | D:1      | Reached skill level 1 in Short Blades
   384 | D:1      | Got Saisch's Compendium of Orogeny and Bruises
   470 | D:1      | Found a faded altar of an unknown god.
   762 | D:2      | Noticed Robin
   771 | D:2      | Killed Robin
   772 | D:2      | Reached skill level 4 in Stealth
   772 | D:2      | Reached XP level 2. HP: 13/13 MP: 0/6
   850 | D:2      | Reached XP level 3. HP: 16/16 MP: 5/7
   927 | D:2      | Learned a level 2 spell: Ensorcelled Hibernation
   931 | D:2      | Learned a level 3 spell: Confusing Touch
  1150 | D:2      | Reached XP level 4. HP: 21/21 MP: 8/8
  1269 | D:2      | Noticed Terence
  1275 | D:2      | Killed Terence
  1746 | D:3      | Found a white marble altar of Elyvilon.
  1770 | D:3      | Reached skill level 1 in Ice Magic
  1812 | D:3      | Reached XP level 5. HP: 24/24 MP: 9/9
  1814 | D:3      | Found a basalt altar of Yredelemnul.
  1902 | D:3      | HP: 1/24 [iguana (5)]
  1907 | D:3      | HP: 1/24 [iguana (1)]
  2098 | D:3      | Reached XP level 6. HP: 21/28 MP: 3/10
  2176 | D:3      | Reached skill level 5 in Stealth
  2940 | D:3      | Reached XP level 7. HP: 31/32 MP: 7/11
  3414 | D:3      | Learned a level 3 spell: Tukima's Dance
  3683 | D:4      | Found a stormy altar of Qazlal.
  3811 | D:4      | Found a shimmering blue altar of Sif Muna.
  3812 | D:4      | Found a burning altar of Makhleb.
  3813 | D:4      | Found a hazy altar of Hepliaklqana.
  4278 | D:5      | Entered Level 5 of the Dungeon
  4384 | D:5      | Found Axoqiu's Antique Armour Boutique.
  4388 | D:5      | Reached skill level 6 in Stealth
  4410 | D:5      | Gained mutation: You have razor-sharp teeth. [Vine Stalker
                  | growth]
  4410 | D:5      | Reached XP level 8. HP: 36/36 MP: 12/12
  4421 | D:5      | Bought an ichor-stained robe for 176 gold pieces
  4421 | D:5      | Identified the +1 robe "Guthra" {rC+ Will+ Int+5 Dex-4}
                  | (You bought it in a shop on level 5 of the Dungeon)
  4444 | D:5      | Found a glowing golden altar of the Shining One.
  4524 | D:5      | Found a staircase to the Ecumenical Temple.
  4548 | D:5      | Noticed Sigmund
  4557 | D:5      | Killed Sigmund
  4696 | D:5      | Reached skill level 5 in Short Blades
  4972 | D:5      | Reached skill level 5 in Hexes
  5375 | D:6      | Reached skill level 7 in Stealth
  5491 | D:6      | Reached XP level 9. HP: 39/39 MP: 10/15
  6398 | D:6      | Learned a level 2 spell: Blink
  6402 | D:6      | Learned a level 3 spell: Dazzling Flash
  6502 | D:7      | Noticed Menkaure
  6508 | D:7      | Killed Menkaure
  6562 | D:7      | Found a runed translucent gate.
  6564 | D:7      | Found a runed translucent gate.
  6566 | D:7      | Found a runed translucent gate.
  6585 | D:7      | Noticed brilapsti's ghost (novice FeSu)
  6588 | D:7      | Noticed a green ugly thing
  7100 | D:7      | Killed brilapsti's ghost
  7101 | D:7      | Reached skill level 8 in Stealth
  7108 | D:7      | Slain by a green ugly thing

Illustrated notes

Levels and vault maps discovered:
D:1:      spicycebolla_green_bress_n_ham_2, layout_loops_ring,
          basic_ecumenical_altar, nicolae_eternal_life, kennysheep_boxes
D:2:      layout_basic, minmay_distorted, uniq_terence, uniq_robin
D:3:      minmay_goblin_kobold_castle, layout_rooms,
          nicolae_yredelemnul_corpse_copse, mainiacjoe_overflow_tiny_flanked,
          chequers_serial_rivers_room_b, wander_ebering_terrifying_dragon_lair
D:4:      layout_loops_ring, grunt_qazlal_clouds, minitemple
D:5:      layout_basic, old_standard_altar, minmay_temple_entry_glassed_door,
          serial_shops, shop, minmay_misc_feat_chi, uniq_sigmund
D:6:      layout_basic
D:7:      layout_loops_cross, gammafunk_ghost_split, uniq_menkaure

Skill      XL: |  1  2  3  4  5  6  7  8  9 |
---------------+----------------------------+-----
Short Blades   | 1 2 3 4 5 6 |  6.8
Stealth        | 4 5 6 7 8 |  8.0
Dodging        | 2 3 4 |  4.7
Ice Magic      | 1 2 3 |  3.0
Hexes          | 4 5 |  5.9
Spellcasting   | 3 4 |  4.2

Action                     |  1- 3 |  4- 6 |  7- 9 || total
---------------------------+-------+-------+-------++-------
  Melee: Dagger            |    81 |   268 |   276 ||   625
         Bite              |    19 |    78 |    97 ||   194
         Punch             |     2 |     1 |     2 ||     5
         Short sword       |       |    14 |    21 ||    35
   Cast: Ensorcelled Hiber |     2 |    34 |    63 ||    99
         Confusing Touch   |       |       |    13 ||    13
    Use: Scroll            |     1 |       |     2 ||     3
         Potion            |     1 |       |     2 ||     3
   Stab: Sleeping          |     7 |    21 |    51 ||    79
         Invisible         |     3 |       |       ||     3
         Confused          |       |       |     9 ||     9
         Distracted        |       |       |     1 ||     1
 Armour: Robe              |    22 |   133 |    81 ||   236
         Acid dragon scale |       |       |    21 ||    21
  Dodge: Dodged            |    34 |   163 |   124 ||   321
